 Dungeon Crawl Stone Soup version 0.28.0-53-g5a82cb258f (webtiles) character file.

Game seed: 15657065704090026456

653 H0rd4k the Charlatan (level 7, -1/52 HPs)
             Began as a Human Artificer on Aug 11, 2022.
             Was an Initiate of Gozag.
             Slain by a phantom (5 damage)
             ... on level 6 of the Dungeon.
             The game lasted 00:07:48 (8248 turns).

H0rd4k the Charlatan (Human Artificer)              Turns: 8248, Time: 00:07:48

Health: -1/52      AC:  7    Str: 12    XL:     7   Next: 84%
Magic:  7/7        EV: 17    Int: 13    God:    Gozag
Gold:   346        SH:  0    Dex: 14    Spells: 6/6 levels left

rFire   . . .      SeeInvis .   w - +0 dagger (freeze)
rCold   . . .      Faith    .   (no shield)
rNeg    . . .      Spirit   .   b - +0 leather armour
rPois   .          Reflect  .   m - +0 helmet
rElec   .          Harm     .   n - +0 cloak
rCorr   .          Rampage  .   u - +0 pair of gloves
Will    .....                   p - +0 pair of boots
Stlth   +.........              (no amulet)
HPRegen 0.17/turn               r - +4 ring of evasion
MPRegen 0.10/turn               i - ring of flight

@: flying
A: no striking features
a: Renounce Religion, Potion Petition, Call Merchant, Bribe Branch


You were on level 6 of the Dungeon.
You worshipped Gozag.
Gozag was aware of your devotion.
You visited 2 branches of the dungeon, and saw 7 of its levels.

You collected 402 gold pieces.
You paid 56 gold pieces to Gozag.

Inventory:

Hand Weapons
 v - a +0 mace
 w - a +0 dagger of freezing (weapon)
Missiles
 q - 5 atropa-tipped darts
 z - 10 poisoned darts
 E - 2 throwing nets
Armour
 b - a +0 leather armour (worn)
 m - a +0 helmet (worn)
 n - a +0 cloak (worn)
 p - a +0 pair of boots (worn)
 u - a +0 pair of gloves (worn)
Jewellery
 i - a ring of flight (right hand)
 r - a +4 ring of evasion (left hand)
Wands
 d - a wand of charming (5)
 B - a wand of iceblast (5)
Scrolls
 f - 6 scrolls of identify
 h - a scroll of summoning {unknown}
 l - a scroll of enchant weapon {unknown}
 s - a scroll of fear
 t - a scroll of blinking {unknown}
 y - 3 scrolls of enchant armour {unknown}
 A - a scroll of amnesia {unknown}
 C - a scroll of magic mapping {unknown}
Potions
 a - a potion of lignification {unknown}
 c - a potion of attraction {unknown}
 g - 3 potions of curing
 k - a potion of might {unknown}
 o - 4 potions of flight {unknown}
 x - a potion of haste {unknown}
 D - a potion of cancellation {unknown}
Miscellaneous
 e - a piece from Xom's chessboard (15/15)


   Skills:
 + Level 3.3 Fighting
 + Level 3.3 Short Blades
 + Level 3.5 Maces & Flails
 - Level 2.0 Armour
 + Level 3.9 Dodging
 - Level 1.0 Stealth
 + Level 4.1 Evocations


You had 6 spell levels left.
You didn't know any spells.
Your spell library contained the following spells:

 Spells                   Type           Power      Damage    Failure   Level
 Tukima's Dance           Hex            0%         N/A       75%         3
 Anguish                  Hex/Necr       0%         N/A       98%         4
 Enfeeble                 Hex            0%         N/A       100%        7


Dungeon Overview and Level Annotations

Branches:
Dungeon (6/15)             Temple (1/1) D:4

Altars:
Ashenzari
Cheibriados
Dithmenos
Elyvilon
Fedhas
Gozag
Hepliaklqana
Kikubaaqudgha
Makhleb
Nemelex Xobeh
Okawaru
Qazlal
Ru
Sif Muna
Trog
Uskayaw
Vehumet
Wu Jian
Xom
Yredelemnul
Zin
The Shining One

Shops:
D:3 ?   D:4 *[=

Annotations:
D:4 exclusion: scorpion


Message History

The phantom is severely damaged.
The phantom barely misses you.
You hit the phantom but do no damage.
The phantom is severely damaged.
The phantom hits you.
* * * LOW HITPOINT WARNING * * *
You hit the phantom.
The phantom is almost destroyed.
You miss the phantom.
The phantom is almost destroyed.
The phantom hits you.
* * * LOW HITPOINT WARNING * * *
The phantom blinks!
You blink.
The phantom misses you.
You hit the phantom.
The phantom is almost destroyed.
The phantom hits you but does no damage.
You closely miss the phantom.
The phantom is almost destroyed.
The phantom hits you.
* * * LOW HITPOINT WARNING * * *
The phantom blinks!
You blink.
You barely miss the phantom.
The phantom is almost destroyed.
The phantom hits you.
* * * LOW HITPOINT WARNING * * *
You hit the phantom but do no damage.
The phantom is almost destroyed.
You hit the phantom but do no damage.
The phantom is almost destroyed.
The phantom misses you.
You hit the phantom but do no damage.
The phantom is almost destroyed.
The phantom hits you.
* * * LOW HITPOINT WARNING * * *
You hit the phantom.
The phantom is almost destroyed.
The phantom hits you.
You die...
Your body crumbles into a pile of gold.

#.# ..# #.# ##+## #.#
##8.8## #.# ##.....##
#.#### #8.)...8## #.#..
..?......## ##W#.#
.....$...8# ##@...##
....[.....+..##......####.#
.....$...8#............).!#
.........######......######
#8.....8##<# ##...#.#
##.....###W# #####.#
##8.8## #.# #.#
####'#####.# #.#
.......)...# #.#


You could see a phantom.

Vanquished Creatures
  A sky beast (D:4)
  A necrophage (D:5)
  A centaur (D:6)
  A scorpion (D:5)
  A hound (D:5)
  An orc priest (D:2)
  Jessica (D:3)
  An iguana (D:5)
  An orc wizard (D:5)
  A killer bee zombie (D:6)
  3 adders
  2 gnolls (D:4)
  3 ufetubi (D:4)
  5 worms
  A dart slug (D:4)
  8 orcs
  6 bats
  4 endoplasms
  3 giant cockroaches
  3 hobgoblins
  4 jackals
  3 quokkas
  4 ball pythons
  2 frilled lizards
  7 goblins
  6 kobolds
  3 rats
77 creatures vanquished.

Vanquished Creatures (collateral kills)
  A gnoll (D:4)
  A worm (D:2)
  An orc (D:2)
  A goblin (D:2)
  A hobgoblin (D:2)
5 creatures vanquished.

Vanquished Creatures (others)
  An orc wizard (D:2)
  An orc (D:2)
2 creatures vanquished.

Grand Total: 84 creatures vanquished

Notes
Turn   | Place    | Note
-------+----------+-------------------------------------------
     0 | D:1      | H0rd4k the Human Artificer began the quest for the Orb.
     0 | D:1      | Reached XP level 1. HP: 15/15 MP: 1/1
   304 | D:1      | Reached XP level 2. HP: 10/21 MP: 2/2
  1625 | D:2      | Reached XP level 3. HP: 21/26 MP: 3/3
  2236 | D:2      | Reached skill level 1 in Maces & Flails
  2776 | D:2      | Reached XP level 4. HP: 22/32 MP: 4/4
  3370 | D:2      | Found a faded altar of an unknown god.
  3816 | D:3      | Reached XP level 5. HP: 38/38 MP: 5/5
  4602 | D:3      | Found Hyberres's Magic Scroll Boutique.
  4613 | D:3      | Noticed Jessica
  4618 | D:3      | Killed Jessica
  4619 | D:3      | Reached skill level 4 in Evocations
  4619 | D:3      | Found a white marble altar of Elyvilon.
  5265 | D:4      | Found a staircase to the Ecumenical Temple.
  5309 | Temple   | Entered the Ecumenical Temple
  5540 | Temple   | Became a worshipper of Gozag Ym Sagoz the Greedy
  5562 | D:4      | Found a hazy altar of Hepliaklqana.
  5578 | D:4      | Found a burning altar of Makhleb.
  5687 | D:4      | Found Remyck's Jewellery Shop.
  5747 | D:4      | Found Wub Cij's Armour Boutique.
  5776 | D:4      | Reached XP level 6. HP: 17/45 MP: 6/6
  6125 | D:4      | Noticed a sky beast
  6172 | D:4      | Killed a sky beast
  6173 | D:4      | Reached skill level 1 in Short Blades
  6269 | D:4      | Found Gaafa's Assorted Antiques.
  6773 | D:5      | Entered Level 5 of the Dungeon
  7366 | D:5      | Reached XP level 7. HP: 51/51 MP: 7/7
  7460 | D:5      | Found a sacrificial altar of Ru.
  8248 | D:6      | Slain by a phantom

Illustrated notes

Levels and vault maps discovered:
D:1:      lightli_arrival_quake, layout_basic, minmay_pentomino_p4
D:2:      cheibrodos_pilgrimage, layout_loops_ring,
          shapermc_ecumenical_altar_notcrosses, minmay_curled_crystal
D:3:      layout_loops_cross, old_standard_altar, serial_shops, shop,
          uniq_jessica
D:4:      layout_loops_cross, mainiacjoe_overflow_catwalk_spiral,
          minmay_temple_entry_butterflies, serial_shops, nicolae_stop_n_shop_2,
          nicolae_stop_n_shop_1, nicolae_take_the_stairs
D:5:      layout_basic, nicolae_ru_great_annihilating_truth
D:6:      minmay_inner_zag, layout_loops_ring, dk_noncrumbling_4, uniq_sigmund
Temple:   eino_narrow_crystal_temple

Skill      XL: |  1  2  3  4  5  6  7 |
---------------+----------------------+-----
Maces & Flails | 1 2 3 |  3.5
Dodging        | 2 3 |  3.9
Evocations     | 4 |  4.1
Fighting       | 2 3 |  3.3
Short Blades   | 1 3 |  3.3
Armour         | |  2.0
Stealth        | |  1.0

Action                   |  1- 3 |  4- 6 |  7- 9 || total
-------------------------+-------+-------+-------++-------
Melee: Club              |   114 |   135 |       ||   249
       Dagger            |       |   189 |   206 ||   395
       Mace              |       |    12 |       ||    12
       Punch             |       |     1 |     5 ||     6
Evoke: Wand              |    10 |    15 |     1 ||    26
       Piece from Xom's  |       |     1 |       ||     1
  Use: Potion            |       |     1 |     1 ||     2
       Scroll            |       |       |     3 ||     3
 Stab: Sleeping          |     1 |     4 |     1 ||     6
       Confused          |       |     1 |       ||     1
       Distracted        |       |       |     1 ||     1
       Invisible         |       |       |     1 ||     1
Armor: Leather armour    |    35 |    83 |    51 ||   169
Dodge: Dodged            |    82 |   295 |   144 ||   521
